 Dungeon Crawl Stone Soup version 0.31-a0-1308-ga3cce3a448 (webtiles) character file.

Game seed: 6321836938355842361

1822099 MackTheKnife the Impregnable (level 24, 199/199 HPs)
             Began as an Armataur Ice Elementalist on Dec 19, 2023.
             Was the Champion of Kikubaaqudgha.
             Escaped with the Orb
             ... and 3 runes
             ... and 1 gem!
             The game lasted 02:17:08 (59520 turns).

MackTheKnife the Impregnable (AtIE)                Turns: 59520, Time: 02:17:09

Health: 199/199    AC: 44    Str: 36    XL:     24   Next: 3%
Magic:  30/30      EV: 20    Int: 24    God:    Kikubaaqudgha [******]
Gold:   1670       SH: 21    Dex: 17    Spells: 5/33 levels left

rFire   + + .        h - +9 broad axe (pain) {axe}
rCold   + . .        R - +2 kite shield {rC+}
rNeg    + . .        P - +5 pearl dragon scales of the Thieving Gods {rElec rF+ rC- rN+ Str+7, rare=g}
rPois   .            Z - +2 helmet {Int+3}
rElec   +            V - +0 cloak of Darkness {rCorr Str+3 Int+4}
rCorr   +            a - +2 pair of gloves
SInv    +            q - +3 barding {Fly}
Will    ++++.        B - amulet "Xycvokin" {Reflect Fly rF+ Str+2 SH+5}
Stlth   +            D - ring of the Hare {EV+10}
HPRegen 0.53/turn    X - ring of the Moon {rC+ Will+++ Str+6 Slay-2 SInv}
MPRegen 0.22/turn

%: reflection, roll
@: flying, studying Earth Magic
A: large, deformed body, tough skin 3, armoured tail, roll 2, long tongue
0: Orb of Zot
}: 3/15 runes: decaying, serpentine, silver
a: Renounce Religion, Unearth Wretches, Torment


You escaped.
You worshipped Kikubaaqudgha.
Kikubaaqudgha was exalted by your worship.
You visited 10 branches of the dungeon, and saw 48 of its levels.
You visited 1 bazaar.
You also visited: Sewer.

You collected 10381 gold pieces.
You spent 8711 gold pieces at shops.


Innate Abilities, Weirdness & Mutations

Armour fits poorly on your strangely shaped body.
You have extremely tough skin. (AC +3)
You have a long armoured tail.
You regenerate magic and health when rolling toward enemies. (Rampage Regen)
Your long tongue fully drains potion bottles. (2x potion effects)


   Skills:
 + Level 18.5 Fighting
 - Level 12.0 Short Blades
 - Level 20.5 Axes
 - Level 22.2 Armour
 + Level 7.3 Dodging
 - Level 5.0 Stealth
 - Level 15.0 Shields
 - Level 5.0 Spellcasting
 - Level 5.0 Hexes
 - Level 14.0 Necromancy
 - Level 4.0 Transmutations
 - Level 7.0 Ice Magic
 - Level 4.6 Earth Magic
 - Level 5.0 Evocations


You had 5 spell levels left.
You knew the following spells:

 Your Spells              Type           Power      Damage    Failure   Level
a - Freeze                Ice            100%       1d10      1%          1
b - Frozen Ramparts       Ice            78%        1d12      2%          3
c - Borgnjor's Vile Clut  Necr/Erth      25%        N/A       10%         5
d - Death Channel         Necr           32%        N/A       9%          6
e - Ozocubu's Armour      Ice            39%        N/A       2%          3
f - Wereblood             Tmut           25%        N/A       4%          2
g - Anguish               Hex/Necr       25%        N/A       3%          4
A - Animate Dead          Necr           65%        N/A       1%          4

Your spell library contained the following spells:

 Spells                   Type           Power      Damage    Failure   Level
 Kiss of Death            Conj/Necr      100%       2d13      1%          1
 Necrotise                Necr           100%       1d9       1%          1
 Sublimation of Blood     Necr           65%        N/A       1%          2
 Vampiric Draining        Necr           65%        2d10      1%          3
 Dispel Undead            Necr           65%        3d22      1%          4
 Agony                    Necr           65%        N/A       1%          5
 Sandblast                Erth           56%        2d13      2%          1
 Ensorcelled Hibernation  Hex/Ice        68%        N/A       2%          2
 Cigotuvi's Dreadful Rot  Necr/Pois/Air  56%        N/A       3%          2
 Jinxbite                 Hex            60%        N/A       3%          2
 Passwall                 Tmut/Erth      21%        N/A       4%          2
 Confusing Touch          Hex            30%        N/A       6%          3
 Sigil of Binding         Hex            30%        N/A       6%          3
 Tukima's Dance           Hex            30%        N/A       6%          3
 Sting                    Tmut/Pois      60%        1d6       8%          1
 Hailstorm                Conj/Ice       22%        3d7       12%         3
 Apportation              Tloc           12%        N/A       17%         1
 Summon Small Mammal      Summ           24%        N/A       17%         1
 Dazzling Flash           Conj/Hex       36%        N/A       19%         3
 Inner Flame              Hex/Fire       18%        N/A       19%         3
 Stone Arrow              Conj/Erth      34%        3d9       19%         3
 Summon Guardian Golem    Hex/Summ       18%        N/A       19%         3
 Cause Fear               Hex            15%        N/A       22%         4
 Lesser Beckoning         Tloc           12%        N/A       26%         2
 Poisonous Vapours        Pois/Air       12%        N/A       26%         2
 Static Discharge         Conj/Air       12%        3-4/arc   26%         2
 Leda's Liquefaction      Tmut/Erth      13%        N/A       28%         4
 Petrify                  Tmut/Erth      26%        N/A       28%         4
 Ignite Poison            Fire/Tmut/Pois 12%        N/A       30%         3
 Summon Ice Beast         Ice/Summ       22%        N/A       36%         4
 Metabolic Englaciation   Hex/Ice        17%        N/A       36%         5
 Call Canine Familiar     Summ           6%         N/A       45%         3
 Gell's Gravitas          Tloc           6%         N/A       45%         3
 Mephitic Cloud           Conj/Pois/Air  6%         N/A       45%         3
 Teleport Other           Tloc           6%         N/A       45%         3
 Volatile Blastmotes      Fire/Tloc      12%        2d11      45%         3
 Dimensional Bullseye     Hex/Tloc       9%         N/A       52%         4
 Fulminant Prism          Conj/Hex       9%         3d7       52%         4
 Animate Armour           Summ/Erth      34%        N/A       54%         4
 Brom's Barrelling Bould  Conj/Erth      17%        2d4       54%         4
 Yara's Violent Unravell  Hex/Tmut       13%        3d7       58%         5
 Airstrike                Air            3%         2d(1-17)  86%         4
 Flame Wave               Conj/Fire      6%         2d5       86%         4
 Iskenderun's Mystic Bla  Conj/Tloc      6%         2d4       86%         4
 Olgreb's Toxic Radiance  Pois           6%         N/A       86%         4
 Passage of Golubria      Tloc           6%         N/A       86%         4
 Sticky Flame             Conj/Fire      6%         2d3       86%         4
 Summon Lightning Spire   Summ/Air       6%         N/A       86%         4
 Vhi's Electric Charge    Tloc/Air       12%        N/A       86%         4
 Silence                  Hex/Air        9%         N/A       86%         5
 Freezing Cloud           Conj/Ice/Air   8%         6-21      88%         5
 Alistair's Intoxication  Tmut/Pois      10%        N/A       90%         5
 Irradiate                Conj/Tmut      7%         3d14      90%         5
 Arcjolt                  Conj/Air       3%         1d13      99%         5
 Fireball                 Conj/Fire      3%         3d4       99%         5
 Summon Forest            Summ/Tloc      3%         N/A       99%         5
 Simulacrum               Ice/Necr       27%        N/A       34%         6
 Borgnjor's Revivificati  Necr           32%        N/A       98%         8
 Infestation              Necr           32%        N/A       98%         8
 Dispersal                Tloc           3%         N/A       100%        6
 Eringya's Noxious Bog    Tmut/Pois      7%         4d6       100%        6
 Plasma Beam              Fire/Air       3%         2x1d13    100%        6
 Enfeeble                 Hex            15%        N/A       100%        7
 Haunt                    Necr/Summ      19%        N/A       100%        7
 Orb of Destruction       Conj           3%         9d5       100%        7
 Spellforged Servitor     Conj/Summ      3%         N/A       100%        7
 Summon Hydra             Summ           3%         N/A       100%        7
 Discord                  Hex            15%        N/A       100%        8
 Ignition                 Fire           3%         3d4       100%        8
 Lehudib's Crystal Spear  Conj/Erth      8%         10d4      100%        8
 Death's Door             Necr           32%        N/A       100%        9

Inventory:

Hand Weapons
 h - a +9 broad axe of pain (weapon) {axe}
   (You took it off Urug on level 11 of the Dungeon)
Armour
 a - a +2 pair of gloves (worn)
   (You bought it in a shop on level 2 of the Orcish Mines)
 q - a +3 barding of flying (worn)
   (You took it off Vashnia on level 4 of the Snake Pit)
 P - the +5 pearl dragon scales of the Thieving Gods (worn) {rElec rF+ rC- rN+ Str+7, rare=g}
   (You bought it in a shop on level 6 of the Dungeon)

   Str+7:     It affects your strength (+7).
   rF+:       It protects you from fire.
   rC-:       It makes you vulnerable to cold.
   rElec:     It insulates you from electricity.
   rN+:       It protects you from negative energy.
 R - a +2 kite shield of cold resistance (worn)
   (You took it off a naga warrior on level 3 of the Snake Pit)
 V - the +0 cloak of Darkness (worn) {rCorr Str+3 Int+4}
   (You found it on level 2 of the Swamp)

   Str+3:     It affects your strength (+3).
   Int+4:     It affects your intelligence (+4).
   rCorr:     It protects you from acid and corrosion.
 Z - a +2 helmet of intelligence (worn)
   (You bought it in a shop in a bazaar)
Jewellery
 B - the amulet "Xycvokin" (around neck) {Reflect Fly rF+ Str+2 SH+5}
   (You acquired it on level 12 of the Dungeon)

   [amulet of reflection]

   Reflect:   It reflects blocked missile attacks.
   Str+2:     It affects your strength (+2).
   rF+:       It protects you from fire.
   Fly:       It grants you flight.
   SH+5:      It affects your SH (+5).
 D - the ring of the Hare (left hand) {EV+10}
   (You bought it in a shop on level 4 of the Snake Pit)

   [ring of evasion]

   EV+10:     It affects your evasion (+10).
 O - a ring of poison resistance
   (You took it off Erica on level 9 of the Dungeon)
 X - the ring of the Moon (right hand) {rC+ Will+++ Str+6 Slay-2 SInv}
   (You bought it in a shop on level 4 of the Snake Pit)

   [ring of strength]

   Str+6:     It affects your strength (+6).
   Slay-2:    It affects your accuracy & damage with ranged weapons and melee
   (-2).
   rC+:       It protects you from cold.
   Will+++:   It greatly increases your willpower.
   SInv:      It lets you see invisible.
Wands
 r - a wand of charming (43)
   (You found it on level 2 of the Dungeon)
 u - a wand of light (15)
   (You found it on level 3 of the Dungeon)
 F - a wand of mindburst (8)
   (You found it on level 3 of the Elven Halls)
 I - a wand of digging (12)
   (You found it on level 2 of the Lair of Beasts)
Scrolls
 j - 5 scrolls of immolation {!r!r}
 n - 2 scrolls of poison {!r}
 v - a scroll of blinking {!r}
 x - 4 scrolls of vulnerability {!r!r}
 A - 8 scrolls of fear
 E - 3 scrolls of silence {!r}
 G - 8 scrolls of fog
 J - 2 scrolls of enchant weapon
 K - 19 scrolls of teleportation {@r4}
 W - a scroll of summoning
Potions
 b - 5 potions of magic
 e - 4 potions of might
 f - 10 potions of curing {@q1}
 g - 12 potions of brilliance
 i - 2 potions of ambrosia
 m - 7 potions of mutation {!q}
 s - 5 potions of haste {@q3}
 t - 6 potions of resistance
 w - 10 potions of heal wounds {@q2}
 z - 3 potions of berserk rage {!q}
 L - 3 potions of lignification {!q}
 M - 7 potions of enlightenment
 U - 3 potions of cancellation
 Y - 5 potions of invisibility
Miscellaneous
 c - a phantom mirror
   (You found it on level 5 of the Vaults)
 k - a phial of floods
   (You found it on level 4 of the Vaults)
 y - a lightning rod (4/4)
   (You found it on level 5 of the Vaults)
 H - a sack of spiders
   (You found it on level 1 of the Orcish Mines)
 N - a condenser vane
   (You found it on level 1 of the Orcish Mines)

Dungeon Overview and Level Annotations

Branches:
Dungeon (15/15)            Temple (1/1) D:6            Lair (5/5) D:10
  Swamp (4/4) Lair:2        Snake (4/4) Lair:3        Slime (0/5) Lair:4
    Orc (2/2) D:11            Elf (3/3) Orc:2        Vaults (5/5) D:13
  Crypt (0/3) Vaults:3     Depths (4/4) D:15            Zot (5/5) Depths:4
  Sewer (visited)

Altars:
Ashenzari
Cheibriados
Dithmenos
Elyvilon
Fedhas
Gozag
Hepliaklqana
Kikubaaqudgha
Makhleb
Nemelex Xobeh
Okawaru
Qazlal
Ru
Sif Muna
Trog
Uskayaw
Vehumet
Wu Jian
Xom
Yredelemnul
Zin
The Shining One
Jiyva

Shops:
D:1 [   D:3 *   D:5 :   D:6 [   D:10 !?**   D:11 !   D:13 *   Orc:2 :?=*[
Elf:1 !   Snake:4 =:=

Portals:
Hell: Depths:1 Depths:2 Depths:3 Depths:4
Abyss: Depths:2 Depths:3
Pandemonium: Orc:2 Depths:2
Ziggurat: Depths:3
Trove: D:13 (show slimy rune of Zot)

Annotations:
D:12 2 transporters
D:14 Roxanne
Lair:3 1 runed translucent door, bumbalina's ghost, journeyman OpFE
Swamp:2 1 runed translucent door, pleonasm's ghost, adept OgBe
Zot:5 exclusion: 3 upstairs

#.......###.........###...#
####.##.## ##.......##
##).# ........# #.......#
#..# ######..## ##.......##
##..# ...#
#...###.........###...#
...#
##....................#
...# #....................#
#### #....................#
.# #.........@..........#
.# #....................#
.# #....................#
.# ###....................#
.##
#....###.........###...#
..###.#.## ##.......##
##..# #.......# #.......#
#..# #####.#.## ##.......##
##..#
#.#..###.........###...#


There were no monsters in sight!


Message History

The Executioner barely misses you. You block the Executioner's attack.
The Executioner completely misses you. The Executioner closely misses you.
You barely miss the Executioner.
Your tail-slap misses the Executioner.
You block the Executioner's attack. x3 😕 HP[+1]
You hit the Executioner. The Executioner completely misses you.
You block the Executioner's attack. x2
You slice the Executioner!! You block the Executioner's attack.
The Executioner hits you but does no damage.
The Executioner misses you.
The Executioner hits you but does no damage.
The Executioner hits you.
The Executioner barely misses you. 😕 HP[-1]
You take 1 damage, and now have 192/199 hp.
You completely miss the Executioner. The Executioner misses you.
You block the Executioner's attack. x2
The Executioner hits you but does no damage.
You block the Executioner's attack. The Executioner hits you. 😕 HP[-2]
You take 2 damage, and now have 190/199 hp.
You hit the Executioner but do no damage.
The Executioner hits you!
You block the Executioner's attack. x2 😕 HP[-11]
You take 11 damage, and now have 179/199 hp.
You slash the Executioner!
The Executioner hits you but does no damage.
The Executioner closely misses you.
The Executioner hits you but does no damage.
The Executioner barely misses you. x2; You block the Executioner's attack. 😕 HP[+1]
You slice the Executioner!!
You kill the Executioner!
Kikubaaqudgha accepts your kill.
No target in view!
No target in view! 😕 HP[+1] 😕 HP[+1] 😕 HP[+1]
There is a stone staircase leading up here.
You fly upwards.
There is a stone staircase leading down here. 😕 HP[+1]
What level of the Dungeon? (default 1, ? - help)
There is a stone staircase leading up here.
You fly upwards.
There is a stone staircase leading down, spattered with blood here.
You see here a +0 morningstar {mace}.
There is a stone staircase leading up, spattered with blood here.
You fly upwards.
There is a stone staircase leading down here.
Things that are here:
a +0 robe; a +0 dagger {short}; a kobold skeleton
Things that are here:
a +0 short sword {short}; a kobold skeleton Your extra speed is starting to run out.
There is a stone staircase leading up here.
You fly upwards.
There is a stone staircase leading down here.
You feel yourself slow down.
An Orb Guardian comes into view. 😎 HP[+15]
Your hp is fully restored (199).
Unknown command.
Unknown command.
Unknown command.
An Orb Guardian comes into view.
There is a stone staircase leading up here.
The Orb Guardian hits you but does no damage.
You fly upwards.
There is a stone staircase leading down here.
What level of the Dungeon? (default 1, ? - help)
There is a stone staircase leading up here.
You fly upwards.
There is a stone staircase leading down here.
You see here a +0 sling.
A hellion comes into view.
The hellion gives a hideous shriek!
Unknown command.
Unknown command.
Unknown command.
There is a stone staircase leading up here.
You fly upwards.
There is a stone staircase leading down here.
What level of the Dungeon? (default 1, ? - help)
An Orb Guardian comes into view.
There is a stone staircase leading up here.
You fly upwards.
There is a stone staircase leading down here.
What level of the Dungeon? (default 1, ? - help)
An Orb Guardian comes into view.
There is a stone staircase leading up here.
You fly upwards.
There is a stone staircase leading down here.
Unknown command.
What level of the Dungeon? (default 1, ? - help)
There is a stone staircase leading up here.
You fly upwards.
There is a stone staircase leading down here.
There is a staircase leading out of the dungeon here.
You have escaped!

Skill      XL: |  1  2  3  4  5  6  7  8  9 10 11 12 13 14 15 16 17 18 19 20 21 22 23 |
---------------+----------------------------------------------------------------------+-----
Stealth        | 3 5 |  5.0
Ice Magic      | 4 5 7 |  7.0
Evocations     | 3 5 |  5.0
Fighting       | 1 3 4 6 9 10 11 13 14 15 16 18 | 18.5
Shields        | 2 4 5 7 13 15 | 15.0
Armour         | 3 4 5 8 10 12 14 15 16 19 22 | 22.2
Necromancy     | 7 8 9 10 12 14 | 14.0
Dodging        | 3 6 7 |  7.3
Spellcasting   | 4 5 |  5.0
Short Blades   | 4 5 10 12 | 12.0
Earth Magic    | 2 4 |  4.6
Axes           | 8 13 16 18 20 | 20.5
Transmutations | 4 |  4.0
Hexes          | 3 5 |  5.0

Action                     |  1- 3 |  4- 6 |  7- 9 | 10-12 | 13-15 | 16-18 | 19-21 | 22-24 || total
---------------------------+-------+-------+-------+-------+-------+-------+-------+-------++-------
  Melee: Dagger            |    66 |    56 |   148 |   451 |   175 |       |       |       ||   896
         Unarmed           |     3 |       |       |       |       |       |       |       ||     3
         Tailslap          |     8 |     7 |    16 |    90 |   402 |   625 |   566 |   213 ||  1927
         Punch             |     2 |       |     1 |       |       |       |       |       ||     3
         Quick blade       |       |       |       |       |  1558 |  2568 |  1580 |       ||  5706
         Broad axe         |       |       |       |       |       |       |   758 |   831 ||  1589
  Throw: Dart              |       |    18 |    11 |    11 |       |       |       |       ||    40
   Cast: Freeze            |    50 |    34 |    27 |     2 |       |       |       |       ||   113
         Frozen Ramparts   |       |     5 |    30 |    56 |    24 |     3 |       |       ||   118
         Animate Dead      |       |       |       |    14 |    14 |    17 |    13 |    11 ||    69
         Borgnjor's Vile C |       |       |       |       |     2 |     6 |    30 |    16 ||    54
         Ozocubu's Armour  |       |       |       |       |       |     3 |       |       ||     3
         Death Channel     |       |       |       |       |       |    23 |    20 |    13 ||    56
         Wereblood         |       |       |       |       |       |       |     7 |     6 ||    13
         Anguish           |       |       |       |       |       |       |     1 |     3 ||     4
 Invoke: Unearth Wretches  |       |       |       |       |     1 |     6 |    11 |     5 ||    23
         Brand Weapon With |       |       |       |       |       |       |     1 |       ||     1
  Evoke: Wand              |       |     1 |    23 |    18 |     9 |       |       |     2 ||    53
         Condenser vane    |       |       |       |       |     1 |     3 |     5 |       ||     9
         Sack of spiders   |       |       |       |       |     1 |     1 |     1 |     1 ||     4
         Phial of floods   |       |       |       |       |       |       |     1 |       ||     1
    Use: Scroll            |     1 |     5 |     3 |    10 |    18 |     8 |     5 |    16 ||    66
         Potion            |       |       |       |     1 |     2 |     4 |     6 |    12 ||    25
   Stab: Sleeping          |     9 |     2 |     7 |     6 |     5 |     6 |       |     1 ||    36
         Invisible         |       |       |       |     2 |     7 |       |       |     2 ||    11
         Distracted        |       |       |       |     5 |     4 |    18 |     9 |    16 ||    52
         Petrified         |       |       |       |       |     2 |       |       |       ||     2
         Paralysed         |       |       |       |       |     1 |     3 |     4 |     4 ||    12
         Confused          |       |       |       |       |       |     1 |       |       ||     1
 Armour: Robe              |    62 |    33 |    92 |   340 |    50 |       |       |       ||   577
         Pearl dragon scal |       |       |       |       |   649 |   666 |   661 |   481 ||  2457
  Dodge: Dodged            |    48 |    38 |    84 |   288 |   346 |   395 |   451 |   332 ||  1982
  Block: Buckler           |       |       |    14 |    96 |   268 |   234 |       |       ||   612
         Reflection        |       |       |       |       |     7 |    33 |   115 |    15 ||   170
         Kite shield       |       |       |       |       |       |   605 |  1061 |   715 ||  2381

Levels and vault maps discovered:
D:1:      minmay_arrival_four_circles, layout_basic, serial_shops, shop,
          shapermc_ecumenical_altar_totnotflames, minmay_quantized
D:2:      layout_basic, kennysheep_flooded_box
D:3:      layout_rooms, serial_shops, shop
D:4:      layout_basic, serial_corexii_hall, chequers_hall_statues_y,
          corexii_hall_statues_i, minmay_puff
D:5:      layout_loops_cross, serial_shops, nicolae_shop_stone,
          serial_library_regret_index_headful
D:6:      layout_loops_ring, fedhas_altar_decomposition,
          minmay_temple_entry_slanted, cheibrodos_sewer_entry_drain,
          nicolae_shop_dragon_depot
D:7:      layout_loops_ring, grunt_ministairs_9, uniq_joseph
D:8:      layout_loops_cross
D:9:      layout_rooms, mainiacjoe_overflow_brackets,
          lemuel_coloured_pillars_altar, uniq_erica, uniq_maurice
D:10:     nicolae_cairo_tiling_very_big, layout_rooms, david_lair_generic,
          serial_shops, nicolae_inconvenience_store, shop_scrolls, shop,
          nicolae_transmutations_shop
D:11:     layout_gridville, orc_0_dummy, serial_demonic, serial_demonic_c,
          serial_demonic_e, serial_demonic_a, serial_demonic_c, serial_shops,
          nicolae_shop_rolling_square, uniq_urug
D:12:     layout_cave_pools, gammafunk_ghost_smash,
          nicolae_looking_at_the_future
D:13:     layout_basic, lightli_vaults_fourway_checkpoint, enter_trove_2,
          chequers_big_river, guppyfry_shop_earth
D:14:     layout_cave_pools, minmay_misc_feat_hallway, palyth_stone_intersect,
          tso_altar, uniq_roxanne
D:15:     grunt_enter_depths_snipers, layout_loops_cross, minmay_crystal_room,
          nicolae_qazlal_general_emergency
Temple:   hellmonk_temple_of_storms
Lair:1:   wad_woods_structure_01, layout_long_grid, nzn_sisyphean_effort
Lair:2:   layout_gridlike, mainiacjoe_swamp_entry_angry_trees
Lair:3:   nzn_winding_woodlands_stair_trap
          [nzn_winding_woodlands_5x15_sidewinder,
          nzn_winding_woodlands_5x15_sawtooth,
          nzn_winding_woodlands_5x15_pockets,
          nzn_winding_woodlands_15x15_eel_pit, nzn_winding_woodlands_5x15_twine,
          nzn_winding_woodlands_5x15_garden, nzn_winding_woodlands_5x15_pool],
          layout_regular_city, minmay_snake_entry_guardpost_small,
          ebering_ghost_xom, chequers_serial_rivers_room_a,
          infiniplex_staircase_pool, uniq_fannar
Lair:4:   layout_hall_layers, slime_entry_1
Lair:5:   evilmike_catoblepas_cave, layout_regular_city
Swamp:1:  layout_falls_marsh, nicolae_swamp_godswood, swamp_pool_3, uniq_donald
Swamp:2:  layout_basic_swamp, ebering_ghost_xom, nicolae_swamp_little_swirl,
          swamp_pool_1_2, nicolae_swamp_triple_paths, nicolae_swamp_tree_designs
Swamp:3:  nicolae_swamp_wrong_neighborhood, layout_basic_swamp,
          evilmike_swamp_ruin_rubble_1, swamp_pool_5,
          nicolae_swamp_spriggan_camp
Swamp:4:  swamp_basic_johnstein, layout_basic_swamp
Snake:1:  layout_onion_interference
Snake:2:  layout_gridlike, nicolae_triple_integral
Snake:3:  layout_rooms, serial_bayou_crossing
Snake:4:  grunt_snake_rune_serpentine_throne, layout_onion_interference,
          serial_shops, bzr_entry_dummy, minmay_shop_grove
Orc:1:    layout_caves, minmay_orc_treasury, uniq_jorgrun
Orc:2:    pf_orc_diabolical, layout_caves, serial_shops, shop
Elf:1:    kennysheep_six_static_rooms, layout_gridlike, serial_shops,
          nicolae_shop_tiny_real_fake_doors, kennysheep_underground_church,
          serial_library_hellmonk_layered_room, grunt_ministairs_3,
          nicolae_zig_zag_zippers
Elf:2:    nicolae_elf_blades_crystal_corner, layout_loops_corners
Elf:3:    minmay_elf_hall_dome, layout_loops_corners, uniq_saint_roka,
          uniq_louise, uniq_zenata
Vaults:1: nicolae_vaults_shipping_containers_2,
          ontoclasm_vaults_decontamination,
          vaults_room_grunt_arrival_checkpoint, hangedman_vaults_slice,
          vaults_room_fours, layout_vaults_quadrants, uniq_asterion
Vaults:2: v_misc_10, vaults_dpeg_ring, hangedman_vaults_unwind,
          nicolae_vaults_house_3, nicolae_vaults_asterisk,
          vaults_standard_mumra_lines, vaults_mumra_chevron_long,
          ontoclasm_vaults_shuriken, nicolae_vaults_six-pack,
          grunt_vaults_hallway_long, hangedman_vaults_stagger,
          nicolae_vaults_closet_pinwheel_2, vaults_room_door_ring,
          nicolae_vaults_trapezoid_lopsided_3, vaults_room_hangedman_quadrants,
          layout_vaults_maze
Vaults:3: grunt_vaults_twisty, nicolae_vaults_hexular_roomagon, v_misc_5,
          nicolae_vaults_trapezoid_lopsided_4,
          nicolae_vaults_network_quinsquares
          [nicolae_vaults_network_quincunx_subvault,
          nicolae_vaults_network_quincunx_subvault,
          nicolae_vaults_network_quincunx_subvault,
          nicolae_vaults_network_quincunx_subvault], nicolae_vaults_shock_wave,
          nicolae_vaults_shrinking_rooms_1, nicolae_vaults_six-pack, v_misc_19,
          v_pattern_2, vaults_dpeg_hooks, layout_vaults_ring, uniq_margery,
          uniq_sojobo
Vaults:4: hangedman_vaults_restitches, nicolae_vaults_stepped_doors,
          nicolae_vaults_crenellated_ambush, ontoclasm_vaults_eye,
          vaults_mumra_chevron, hangedman_vaults_cutoff,
          nicolae_vaults_six-pack, v_misc_16, v_alt_pattern_6,
          ontoclasm_vaults_loading_screen, layout_vaults_big_room
Vaults:5
Depths:1: layout_basic, chequers_serial_rivers_micro_c, hangedman_coc_ice_floe,
          hangedman_abyss_or_decor_slice, kennysheep_generic_room_5,
          uniq_enchantress
Depths:2: nicolae_herringbone, layout_gridlike, minmay_misc_feat_more_columns,
          pan_entry, abyss_entry_crystal, grunt_hell_horde, serial_bayou_shore_b
Depths:3: minmay_the_grid_3x2 [minmay_the_grid_empty, minmay_the_grid_spikes,
          minmay_the_grid_expand, minmay_the_grid_artifice,
          minmay_the_grid_rooms, minmay_the_grid_prize_inner_circle],
          layout_gridlike, enter_ziggurat_f, pf_hell_entry_tar_spiral,
          abyss_entry, infiniplex_staircase_spiral
Depths:4: grunt_zot_entry_hairpin, layout_honeycomb, grunt_decor_mini_mirrors,
          hell_entry, grunt_megastairs_5, uniq_frederick, uniq_parghit
Zot:1:    layout_concentric_octagons, regret_index_zotdec_magical_s, uniq_vv
Zot:2:    kennysheep_bubbly, layout_gridville, regret_index_zotdec_icy_dp
Zot:3:    layout_gridlike, regret_index_zotdec_tunneler
Zot:4:    layout_gridlike
Zot:5:    layout_misc_corridors, nicolae_tricolors

Notes
Turn   | Place    | Note
-------+----------+-------------------------------------------
     0 | D:1      | MackTheKnife the Armataur Ice Elementalist began the quest
                  | for the Orb.
     0 | D:1      | Reached XP level 1. HP: 13/13 MP: 3/3
     0 | D:1      | magus.rc [v1.9.6]
    54 | D:1      | You pick up a book of Storms and begin reading...
    54 | D:1      | You add the spells Static Discharge, Airstrike and Summon
                  | Lightning Spire to your library.
    71 | D:1      | Reached skill level 3 in Stealth
    89 | D:1      | Reached XP level 2. HP: 19/19 MP: 4/4
   311 | D:1      | Found a faded altar of an unknown god.
   421 | D:1      | Found Muazusen's Antique Armour Boutique.
   426 | D:1      | Reached skill level 4 in Ice Magic
   500 | D:1      | Reached XP level 3. HP: 24/24 MP: 3/5
  1033 | D:1      | Learned a level 3 spell: Frozen Ramparts
  1647 | D:2      | Reached XP level 4. HP: 30/30 MP: 3/6
  1786 | D:2      | Reached skill level 5 in Ice Magic
  1839 | D:3      | Found Xasimuwn's Assorted Antiques.
  2134 | D:3      | Bought a scroll labelled CUOZIOSITY for 19 gold pieces
  2134 | D:3      | Bought an inky potion for 17 gold pieces
  2134 | D:3      | Bought a fizzy golden potion for 17 gold pieces
  2495 | D:3      | Reached XP level 5. HP: 34/35 MP: 2/7
  2503 | D:3      | Reached skill level 1 in Evocations
  2754 | D:4      | Reached skill level 2 in Evocations
  3183 | D:4      | Noticed an ogre
  3214 | D:4      | Killed an ogre
  3215 | D:4      | Reached skill level 3 in Evocations
  3215 | D:4      | Reached skill level 1 in Fighting
  3215 | D:4      | Reached XP level 6. HP: 43/43 MP: 1/8
  3298 | D:4      | Reached skill level 2 in Fighting
  3737 | D:4      | Reached skill level 3 in Fighting
  3737 | D:4      | Gained mutation: You regenerate magic and health when
                  | rolling toward enemies. (Rampage Regen) [Armataur growth]
  3737 | D:4      | Reached XP level 7. HP: 49/52 MP: 2/9
  4012 | D:5      | Entered Level 5 of the Dungeon
  4090 | D:5      | Reached skill level 4 in Fighting
  4362 | D:5      | Reached skill level 4 in Evocations
  4787 | D:5      | You pick up a book of the Moon and begin reading...
  4787 | D:5      | You add the spells Passage of Golubria, Silence and
                  | Lehudib's Crystal Spear to your library.
  4790 | D:5      | You add the spells Haunt, Borgnjor's Revivification and
                  | Death's Door to your library.
  4844 | D:5      | Reached skill level 5 in Evocations
  4849 | D:5      | Reached skill level 1 in Shields
  4852 | D:5      | Reached skill level 2 in Shields
  4939 | D:5      | Found Puzow's Book Shop.
  5135 | D:5      | Reached XP level 8. HP: 51/61 MP: 6/10
  5212 | D:6      | Found Beowulf's Dragon-Slaying Spoils.
  5300 | D:6      | Found a glowing drain.
  5315 | Sewer    | Entered a sewer
  5547 | D:6      | Reached skill level 3 in Shields
  5555 | D:6      | Reached skill level 5 in Fighting
  5589 | D:6      | Found a staircase to the Ecumenical Temple.
  5601 | Temple   | Entered the Ecumenical Temple
  5614 | Temple   | Became a worshipper of Kikubaaqudgha
  5785 | D:6      | Found a blossoming altar of Fedhas.
  5875 | D:6      | Reached skill level 4 in Shields
  6171 | D:6      | Reached skill level 6 in Fighting
  6171 | D:6      | Reached skill level 6 in Ice Magic
  6726 | D:7      | Reached skill level 7 in Ice Magic
  6816 | D:7      | Reached skill level 1 in Armour
  6872 | D:7      | Noticed Joseph
  6879 | D:7      | Killed Joseph
  6880 | D:7      | Reached skill level 3 in Armour
  6880 | D:7      | Reached XP level 9. HP: 61/71 MP: 8/11
  6930 | D:7      | You pick up a book of Misfortune and begin reading...
  6930 | D:7      | You add the spells Inner Flame, Yara's Violent Unravelling
                  | and Enfeeble to your library.
  7229 | D:7      | You fall into a shaft and drop 3 floors!
  7229 | D:10     | Entered Level 10 of the Dungeon
  7229 | D:10     | Found Polo Monk's Changing Room.
  7301 | D:9      | Reached skill level 7 in Fighting
  7335 | D:9      | Reached skill level 5 in Shields
  7403 | D:9      | Noticed a troll
  7405 | D:9      | Noticed a two-headed ogre
  7411 | D:9      | Killed a troll
  7419 | D:9      | Killed a two-headed ogre
  7420 | D:9      | Reached skill level 9 in Fighting
  7462 | D:9      | Reached * piety under Kikubaaqudgha
  7462 | D:9      | You add the spells Necrotise, Sublimation of Blood,
                  | Vampiric Draining and Animate Dead to your library.
  7462 | D:9      | Received a gift from Kikubaaqudgha
  7472 | D:9      | Reached skill level 4 in Armour
  7577 | D:8      | Reached XP level 10. HP: 77/83 MP: 12/12
  7650 | D:7      | Reached skill level 5 in Armour
  7860 | D:8      | Reached skill level 1 in Necromancy
  8181 | D:8      | Reached skill level 2 in Necromancy
  8607 | D:9      | Noticed Erica
  8666 | D:8      | Reached skill level 3 in Necromancy
  8757 | D:8      | Learned a level 4 spell: Animate Dead
  8884 | D:9      | Reached skill level 4 in Necromancy
  9115 | D:9      | You add the spells Cigotuvi's Dreadful Rot, Ignite Poison
                  | and Freezing Cloud to your library.
  9138 | D:9      | You pick up a book of Unlife and begin reading...
  9138 | D:9      | You add the spells Borgnjor's Vile Clutch and Death Channel
                  | to your library.
  9195 | D:9      | Reached ** piety under Kikubaaqudgha
  9210 | D:9      | Killed Erica
  9211 | D:9      | Reached skill level 5 in Necromancy
  9238 | D:9      | Noticed Maurice
  9240 | D:9      | Maurice changed into Maurice the swamp drake
  9240 | D:9      | Noticed Maurice
  9254 | D:9      | Killed Maurice the swamp drake
  9299 | D:9      | Found a hazy altar of Hepliaklqana.
  9476 | D:9      | Found a snail-covered altar of Cheibriados.
  9641 | D:10     | Found a staircase to the Lair.
  9657 | D:10     | Reached skill level 6 in Necromancy
  9807 | D:10     | Identified the +3 dagger "Zirghojea" {speed, rF- rC+++ rN+
                  | Int-2}
  9827 | D:10     | Reached skill level 7 in Necromancy
  9979 | D:10     | Found Pululimi's Magic Scroll Boutique.
 10013 | D:10     | Reached XP level 11. HP: 87/89 MP: 9/13
 10060 | D:10     | Found Luculext's Assorted Antiques.
 10127 | D:10     | Bought a scroll labelled LIXZON XYTHRIDAMO for 32 gold
                  | pieces
 10298 | D:10     | Noticed a two-headed ogre
 10307 | D:10     | Killed a two-headed ogre
 10363 | D:10     | Found Cimor's Distillery.
 10368 | D:10     | Reached skill level 8 in Necromancy
 10388 | D:10     | Bought a potion of heal wounds for 55 gold pieces
 10566 | Lair:1   | Entered Level 1 of the Lair of Beasts
 10567 | Lair:1   | magus.rc [v1.9.6]
 10657 | Lair:1   | Noticed a boulder beetle
 10670 | Lair:1   | Killed a boulder beetle
 10995 | Lair:1   | Reached skill level 10 in Fighting
 11125 | Lair:1   | You pick up a book of Changes and begin reading...
 11125 | Lair:1   | You add the spells Wereblood and Irradiate to your library.
 11456 | Lair:1   | Reached skill level 6 in Armour
 11470 | Lair:1   | Reached *** piety under Kikubaaqudgha
 11470 | Lair:1   | You add the spells Dispel Undead, Agony and Simulacrum to
                  | your library.
 11470 | Lair:1   | Received a gift from Kikubaaqudgha
 11471 | Lair:1   | Reached skill level 7 in Armour
 11486 | Lair:1   | Reached skill level 8 in Armour
 11626 | Lair:1   | You pick up a book of Party Tricks and begin reading...
 11626 | Lair:1   | You add the spells Apportation, Jinxbite and Alistair's
                  | Intoxication to your library.
 11647 | Lair:1   | Reached skill level 2 in Dodging
 11971 | Lair:1   | Reached skill level 3 in Dodging
 11971 | Lair:1   | Reached skill level 2 in Spellcasting
 12146 | Lair:1   | Reached skill level 3 in Spellcasting
 12319 | Lair:1   | Reached skill level 4 in Spellcasting
 13150 | Lair:2   | Reached XP level 12. HP: 97/97 MP: 11/18
 13369 | Lair:2   | Reached skill level 9 in Necromancy
 13401 | Lair:2   | You pick up a book of Frost and begin reading...
 13680 | Lair:2   | Reached skill level 9 in Armour
 13699 | Lair:2   | Reached skill level 10 in Armour
 14161 | Lair:2   | Reached skill level 6 in Shields
 14259 | Lair:2   | Found a staircase to the Swamp.
 14392 | Lair:2   | magus.rc [v1.9.6]
 14424 | Lair:3   | Reached skill level 7 in Shields
 14533 | Lair:3   | Reached skill level 1 in Short Blades
 14552 | Lair:3   | Reached **** piety under Kikubaaqudgha
 14553 | Lair:3   | Reached skill level 2 in Short Blades
 14608 | Lair:3   | Reached skill level 3 in Short Blades
 14796 | Lair:3   | Found a staircase to the Snake Pit.
 14812 | Lair:3   | Reached skill level 4 in Short Blades
 14826 | Lair:3   | Reached skill level 4 in Stealth
 14840 | Lair:3   | Reached skill level 5 in Stealth
 14859 | Lair:3   | Learned a level 5 spell: Borgnjor's Vile Clutch
 14882 | Lair:3   | Reached skill level 1 in Earth Magic
 14892 | Lair:3   | Reached skill level 2 in Earth Magic
 15019 | Lair:3   | Found a runed translucent door.
 15020 | Lair:3   | Found a shimmering altar of Xom.
 15020 | Lair:3   | Noticed bumbalina's ghost (journeyman OpFE)
 15391 | Lair:3   | Reached XP level 13. HP: 100/103 MP: 16/19
 15457 | Lair:3   | Reached skill level 3 in Earth Magic
 15486 | Lair:3   | Noticed Fannar
 15501 | Lair:3   | Killed Fannar
 15707 | Lair:3   | Reached ***** piety under Kikubaaqudgha
 15720 | Lair:3   | Reached skill level 4 in Earth Magic
 16088 | Lair:3   | Identified 3 scrolls of acquirement
 16088 | Lair:3   | Acquired 1263 gold pieces
 16104 | Lair:2   | Acquired 908 gold pieces
 16106 | Lair:2   | Acquired 1191 gold pieces
 16258 | D:8      | Reached skill level 10 in Necromancy
 16356 | D:6      | Bought the +5 pearl dragon scales of the Thieving Gods
                  | {rElec rF+ rC- rN+ Str+7} for 1611 gold pieces
 16356 | D:6      | P - the +5 pearl dragon scales of the Thieving Gods {rElec
                  | rF+ rC- rN+ Str+7, rare=g}
 16366 | D:6      | You finish putting on the +5 pearl dragon scales of the
                  | Thieving Gods {rElec rF+ rC- rN+ Str+7, rare=g}.
 16951 | Lair:4   | Found a staircase to the Slime Pits.
 16951 | Lair:4   | Found a viscous altar of Jiyva.
 17169 | Lair:4   | Reached skill level 4 in Dodging
 17292 | Lair:4   | Reached skill level 11 in Armour
 17404 | Lair:4   | Reached skill level 5 in Dodging
 17898 | D:10     | Bought a scroll of identify for 26 gold pieces
 17898 | D:10     | Bought a scroll of identify for 26 gold pieces
 17898 | D:10     | Bought a scroll of identify for 26 gold pieces
 17898 | D:10     | Bought a scroll of acquirement for 676 gold pieces
 17898 | D:10     | Bought a scroll of identify for 26 gold pieces
 17898 | D:10     | Acquired the +10 quick blade of Uhasefiu {venom, rF+ Str+2
                  | Int+3 SInv}
 18118 | Lair:4   | Reached skill level 12 in Armour
 18465 | Lair:5   | Entered Level 5 of the Lair of Beasts
 18518 | Lair:5   | Reached skill level 5 in Short Blades
 18522 | Lair:5   | Reached skill level 6 in Dodging
 18522 | Lair:5   | Reached XP level 14. HP: 83/110 MP: 5/20
 18723 | Lair:5   | Reached skill level 6 in Short Blades
 18826 | Lair:5   | Reached skill level 7 in Short Blades
 19465 | Lair:5   | Reached skill level 8 in Short Blades
 19590 | Lair:5   | Reached skill level 9 in Short Blades
 19681 | Lair:5   | Identified the +10 orcbow of Resourcefulness {freeze, Fly
                  | rF- rN+}
 19687 | Lair:5   | You pick up a book of Displacement and begin reading...
 19687 | Lair:5   | You add the spells Lesser Beckoning, Gell's Gravitas and
                  | Teleport Other to your library.
 19943 | D:11     | Noticed Urug
 19956 | D:11     | Killed Urug
 20083 | D:11     | You pick up a book of the Senses and begin reading...
 20118 | D:11     | Found a staircase to the Orcish Mines.
 20172 | D:11     | Identified the +0 ring mail "Avitzit" {Regen+ Int+5 SInv
                  | Stlth-}
 20443 | D:11     | Reached skill level 10 in Short Blades
 20508 | D:11     | Found Yveuptua's Distillery.
 20513 | D:11     | Bought a potion of resistance for 120 gold pieces
 20513 | D:11     | Bought a potion of heal wounds for 60 gold pieces
 20513 | D:11     | Bought 2 potions of curing for 72 gold pieces
 20513 | D:11     | Bought a potion of curing for 36 gold pieces
 20513 | D:11     | Bought a potion of curing for 36 gold pieces
 20714 | Orc:1    | Entered Level 1 of the Orcish Mines
 20803 | Orc:1    | Reached ****** piety under Kikubaaqudgha
 20828 | Orc:1    | Noticed Jorgrun
 20836 | Orc:1    | Killed Jorgrun
 21045 | Orc:1    | Reached skill level 11 in Fighting
 21095 | Orc:1    | Noticed an orc warlord
 21115 | Orc:1    | Killed an orc warlord
 21117 | Orc:1    | Noticed an orc warlord
 21133 | Orc:1    | Killed an orc warlord
 21299 | Orc:1    | You pick up a book of the Hunter and begin reading...
 21299 | Orc:1    | You add the spells Sigil of Binding, Call Canine Familiar
                  | and Dimensional Bullseye to your library.
 21477 | Orc:1    | Identified the +5 mace "Tautt" {flame, +Blink rC+ Dex+3}
 21612 | Orc:2    | Entered Level 2 of the Orcish Mines
 21612 | Orc:2    | Found Fehuby's Book Shoppe.
 21616 | Orc:2    | Found a staircase to the Elven Halls.
 21635 | Orc:2    | Reached XP level 15. HP: 119/120 MP: 21/21
 21971 | Orc:2    | Reached skill level 12 in Fighting
 22016 | Orc:2    | Found Iduenor's Magic Scroll Emporium.
 22028 | Orc:2    | Found Pien's General Store.
 22166 | Orc:2    | Bought a scroll of summoning for 123 gold pieces
 22170 | Orc:2    | Bought a scroll of identify for 26 gold pieces
 22170 | Orc:2    | Bought a scroll of identify for 26 gold pieces
 22713 | Orc:2    | Reached skill level 11 in Short Blades
 22836 | Orc:2    | Found Ycunk's Antique Armour Boutique.
 22836 | Orc:2    | Found Xopsinob's Jewellery Shop.
 22837 | Orc:2    | Found a one-way gate leading to the halls of Pandemonium.
 22854 | Orc:2    | Bought a pair of runed gloves for 225 gold pieces
 22867 | Orc:2    | Bought the ring "Qecsyshram" {rN+ Dex+6} for 708 gold
                  | pieces
 23175 | D:12     | Found a transporter.
 23183 | D:12     | Reached skill level 12 in Short Blades
 23231 | D:12     | Found a transporter.
 23448 | D:12     | Learned a level 3 spell: Ozocubu's Armour
 23551 | D:12     | Acquired the +1 cloak of Boliot {Will+ Dex+3}
 23689 | D:13     | Found a portal to a secret trove of treasure.
 23746 | D:12     | Acquired the amulet "Xycvokin" {Reflect Fly rF+ Str+2 SH+5}
 23837 | D:13     | Found Huprul's Pet Rocks.
 24001 | D:13     | You add the spells Summon Forest, Eringya's Noxious Bog and
                  | Summon Hydra to your library.
 24060 | D:13     | Found a gate to the Vaults.
 24770 | D:14     | Reached skill level 13 in Armour
 24876 | D:14     | Identified the granite talisman "Daxoremm" {Str+2 Int+3}
 24876 | D:14     | Noticed Roxanne
 25073 | D:14     | Identified the +2 ring mail of the Countless Xalams {rF++
                  | Int+3}
 25207 | D:14     | Found a glowing golden altar of the Shining One.
 25313 | D:15     | Entered Level 15 of the Dungeon
 25431 | D:15     | Found a stormy altar of Qazlal.
 25776 | D:15     | Reached skill level 13 in Fighting
 25923 | D:15     | Found a staircase to the Depths.
 26044 | Lair:1   | magus.rc [v1.9.6]
 26134 | Snake:1  | Entered Level 1 of the Snake Pit
 26425 | Snake:1  | Reached skill level 14 in Armour
 26431 | Snake:1  | Reached XP level 16. HP: 78/131 MP: 13/22
 27502 | Snake:2  | Reached skill level 15 in Armour
 27758 | Snake:2  | Reached skill level 14 in Fighting
 27797 | Snake:2  | Identified the +0 pair of gloves "Lablul Ujau" {rElec rF+
                  | Regen+}
 28408 | Snake:2  | Reached skill level 11 in Necromancy
 28827 | Snake:3  | Learned a level 6 spell: Death Channel
 28846 | Snake:3  | You pick up a book of Sloth and begin reading...
 28846 | Snake:3  | You add the spells Leda's Liquefaction, Petrify and
                  | Metabolic Englaciation to your library.
 28998 | Snake:3  | Reached skill level 12 in Necromancy
 29504 | Snake:4  | Entered Level 4 of the Snake Pit
 29526 | Snake:4  | Found a flickering gateway to a bazaar.
 29533 | Bazaar   | Entered a bazaar
 29563 | Bazaar   | Found Daacih's Antique Weapon Shoppe.
 29581 | Bazaar   | Found Sagiadde's Assorted Antiques.
 29585 | Bazaar   | Bought a puce potion for 32 gold pieces
 29605 | Bazaar   | Found Orecwohi's Antique Armour Boutique.
 29611 | Bazaar   | Bought a shiny helmet for 172 gold pieces
 29635 | Bazaar   | Found Xiwn's Antique Weapon Shoppe.
 29876 | Snake:4  | Found Kios's Jewellery Emporium.
 29876 | Snake:4  | Found Cuechy's Book Boutique.
 29877 | Snake:4  | Found Loh Suufaox's Jewellery Emporium.
 29882 | Snake:4  | Reached XP level 17. HP: 131/139 MP: 23/23
 29977 | Snake:4  | Reached skill level 13 in Necromancy
 30857 | Snake:4  | Noticed Vashnia
 30861 | Snake:4  | Reached skill level 14 in Necromancy
 30874 | Snake:4  | Killed Vashnia
 30875 | Snake:4  | Reached skill level 8 in Shields
 30879 | Snake:4  | Your ally Vashnia died
 30893 | Snake:4  | Reached skill level 9 in Shields
 31127 | Snake:4  | Acquired 1078 gold pieces
 31132 | Snake:4  | Got a serpentine rune of Zot
 31234 | Snake:4  | Bought the ring of the Hare {EV+10} for 2176 gold pieces
 31234 | Snake:4  | Found the ring of the Hare {EV+10}
 31373 | Swamp:1  | Entered Level 1 of the Swamp
 31511 | Swamp:1  | Reached skill level 10 in Shields
 31593 | Swamp:1  | Noticed Donald
 31605 | Swamp:1  | Killed Donald
 31727 | Swamp:1  | Found a bloodstained altar of Trog.
 31827 | Swamp:1  | magus.rc [v1.9.6]
 32155 | Swamp:2  | Found a runed translucent door.
 32156 | Swamp:2  | Found a shimmering altar of Xom.
 32156 | Swamp:2  | Noticed pleonasm's ghost (adept OgBe)
 32182 | Swamp:2  | Reached skill level 11 in Shields
 32216 | Swamp:2  | Identified the +0 cloak of Darkness {rCorr Str+3 Int+4}
 32587 | Swamp:2  | Reached skill level 12 in Shields
 32938 | Swamp:3  | You pick up a book of Callings and begin reading...
 32938 | Swamp:3  | You add the spells Summon Small Mammal and Summon Guardian
                  | Golem to your library.
 32984 | Swamp:3  | You pick up a book of Dreams and begin reading...
 32984 | Swamp:3  | You add the spells Ensorcelled Hibernation and Anguish to
                  | your library.
 33243 | Swamp:3  | Reached skill level 13 in Shields
 33418 | Swamp:3  | Reached XP level 18. HP: 109/146 MP: 18/24
 33748 | Swamp:4  | Entered Level 4 of the Swamp
 33925 | Swamp:4  | Identified the +5 long sword of the Ecumenical Temple
                  | {flame, rElec}
 34092 | Swamp:4  | Reached skill level 14 in Shields
 34196 | Swamp:4  | Reached skill level 15 in Shields
 34390 | Swamp:4  | Got a decaying rune of Zot
 34706 | Snake:4  | Bought the ring of the Moon {rC+ Will+++ Str+6 Slay-2 SInv}
                  | for 1107 gold pieces
 34913 | D:10     | Bought a scroll of enchant weapon for 97 gold pieces
 35007 | Vaults:1 | Entered Level 1 of the Vaults
 35015 | Vaults:1 | Identified the +2 robe of Purpose {-Tele rElec MP+9}
 35265 | Vaults:1 | Reached skill level 1 in Axes
 35299 | Vaults:1 | Reached skill level 2 in Axes
 35587 | Vaults:1 | Reached skill level 3 in Axes
 35742 | Vaults:1 | Reached skill level 4 in Axes
 36022 | Vaults:1 | Noticed Asterion
 36050 | Vaults:1 | Killed Asterion
 36051 | Vaults:1 | Reached skill level 5 in Axes
 36556 | Vaults:1 | Reached skill level 6 in Axes
 37090 | Vaults:2 | Reached skill level 7 in Axes
 37385 | Vaults:2 | You are sucked into a shaft and drop 1 floor!
 37406 | Vaults:3 | Noticed Sojobo
 37441 | Vaults:3 | Killed Sojobo
 37442 | Vaults:3 | Reached skill level 8 in Axes
 37442 | Vaults:3 | Reached XP level 19. HP: 108/153 MP: 5/25
 37763 | Vaults:3 | Found a staircase to the Crypt.
 37818 | Vaults:3 | Noticed a hellephant
 37818 | Vaults:3 | Noticed Margery
 37858 | Vaults:3 | Killed Margery
 37878 | Vaults:3 | Reached skill level 9 in Axes
 37880 | Vaults:3 | Killed a hellephant
 38163 | Vaults:3 | Reached skill level 10 in Axes
 38792 | Vaults:3 | Your ally Sojobo died
 38815 | Vaults:3 | Reached skill level 11 in Axes
 38900 | Vaults:3 | Noticed an ancient lich
 39742 | Vaults:4 | Reached skill level 12 in Axes
 40827 | Vaults:3 | HP: 36/153 [ancient lich/crystal spear (72)]
 40830 | Vaults:3 | Killed an ancient lich
 40831 | Vaults:3 | Reached skill level 13 in Axes
 41074 | Vaults:3 | Reached XP level 20. HP: 135/160 MP: 26/26
 42114 | Vaults:2 | Reached skill level 14 in Axes
 42143 | Vaults:2 | an ironbound convoker comes into view. It is wielding the
                  | +8 demon blade "Leech" {evervamp, Harm ^Drain rN+}.
 42924 | Vaults:2 | Identified a +7 broad axe of pain {axe} (a +5 heavy broad
                  | axe {axe} bloodied by Kikubaaqudgha)
 42924 | Vaults:2 | Received a gift from Kikubaaqudgha
 43143 | Vaults:2 | Learned a level 2 spell: Wereblood
 43281 | Elf:1    | Entered Level 1 of the Elven Halls
 43282 | Elf:1    | magus.rc [v1.9.6]
 43283 | Elf:1    | Paralysed by an air elemental for 1 turns
 43356 | Elf:1    | Reached skill level 1 in Transmutations
 43539 | Elf:1    | Found Geqoryd's Distillery.
 43547 | Elf:1    | Bought a potion of heal wounds for 75 gold pieces
 43579 | Elf:1    | Reached skill level 2 in Transmutations
 43731 | Elf:1    | Reached skill level 3 in Transmutations
 44223 | Elf:1    | Reached skill level 4 in Transmutations
 44330 | Elf:1    | Reached skill level 15 in Axes
 45038 | Elf:2    | Paralysed by an air elemental for 1 turns
 45321 | Elf:2    | Found a runed translucent gate.
 45322 | Elf:2    | Found a runed translucent gate.
 45322 | Elf:2    | Found a runed translucent gate.
 45607 | Elf:2    | Reached skill level 16 in Axes
 46043 | Elf:2    | Reached XP level 21. HP: 117/166 MP: 13/27
 46549 | Elf:3    | Entered Level 3 of the Elven Halls
 46807 | Elf:3    | Noticed Zenata
 46847 | Elf:3    | Killed Zenata
 46849 | Elf:3    | Reached skill level 17 in Axes
 47637 | Elf:3    | Identified the +8 battleaxe of the Fray {spect, ^Contam Fly
                  | rElec Str+4}
 47659 | Elf:3    | Identified the +4 mace of Fear {protect, rN+ rCorr Dex-3}
 47660 | Elf:3    | Noticed Louise
 47663 | Elf:3    | a deep elf sorcerer comes into view. It is wielding the +9
                  | sword of Power {lifebolt}.
 47684 | Elf:3    | Aim: a deep elf sorcerer, wielding the +9 sword of Power
                  | {lifebolt} and wearing a +2 robe (severely wounded, fast,
                  | lightly drained, ally target, 100% to hit)
 47684 | Elf:3    | Killed Louise
 47691 | Elf:3    | The deep elf annihilator is wielding the +7 mace of
                  | Variability {chaos, chaos arc}.
 47693 | Elf:3    | Noticed Saint Roka
 48196 | Elf:2    | Killed Saint Roka
 48197 | Elf:2    | Reached skill level 18 in Axes
 48386 | Elf:3    | Identified the +7 lajatang of the Sea {freeze, Str+4}
 48387 | Elf:3    | Found the +18 shield of the Gong {Loud rN+ Will+ rCorr
                  | EV-5}
 48405 | Elf:3    | You pick up a book of Blasting and begin reading...
 48405 | Elf:3    | You add the spells Volatile Blastmotes, Fulminant Prism and
                  | Iskenderun's Mystic Blast to your library.
 48409 | Elf:3    | Identified the staff of Lish {rElec Dex+3 SInv Conj Tmut
                  | Air}
 48412 | Elf:3    | Identified the +7 orcbow of a bazaar {flame, rCorr}
 48428 | Elf:3    | You add the spells Sting, Passwall and Fireball to your
                  | library.
 48428 | Elf:3    | Got Sif Muna's Octavo of the Xenomorphic Burn
 48511 | Elf:3    | Identified the +2 chain mail "Qenlitz" {rF- rCorr Int+3}
 48517 | Elf:3    | You pick up a book of Geomancy and begin reading...
 48517 | Elf:3    | You add the spells Sandblast, Stone Arrow and Brom's
                  | Barrelling Boulder to your library.
 48647 | Orc:2    | Bought a book of Hexes for 504 gold pieces
 48647 | Orc:2    | You pick up a book of Hexes and begin reading...
 48757 | Depths:1 | Entered Level 1 of the Depths
 48812 | Depths:1 | Noticed the Enchantress
 48812 | Depths:1 | the Enchantress comes into view. She is wielding a +1
                  | vampiric rapier, wearing the +8 faerie dragon scales
                  | {+Blink rCorr Str+4} and wearing a +1 buckler of cold
                  | resistance.
 48817 | Depths:1 | Aim: the Enchantress, wielding a +1 vampiric rapier,
                  | wearing the +8 faerie dragon scales {+Blink rCorr Str+4}
                  | and wearing a +1 buckler of cold resistance (moderately
                  | wounded, fast, repelling missiles, ally target, 100% to
                  | hit)
 48817 | Depths:1 | Aim: the Enchantress, wielding a +1 vampiric rapier,
                  | wearing the +8 faerie dragon scales {+Blink rCorr Str+4}
                  | and wearing a +1 buckler of cold resistance (moderately
                  | wounded, fast, repelling missiles, ally target, 100% to
                  | hit)
 48823 | Depths:1 | Killed the Enchantress
 49265 | Depths:1 | Found a gateway to Hell.
 49363 | Depths:1 | Reached skill level 15 in Fighting
 49863 | Depths:1 | Learned a level 4 spell: Anguish
 49863 | Depths:1 | magus.rc [v1.9.6]
 50222 | Depths:2 | Reached skill level 16 in Armour
 50325 | Depths:2 | Found a one-way gate to the infinite horrors of the Abyss.
 50557 | Depths:2 | Reached skill level 1 in Hexes
 50588 | Depths:2 | Reached skill level 5 in Spellcasting
 50906 | Depths:2 | Reached skill level 2 in Hexes
 50919 | Depths:2 | Reached skill level 3 in Hexes
 50937 | Depths:2 | Reached XP level 22. HP: 100/175 MP: 7/29
 50944 | Depths:2 | Reached skill level 4 in Hexes
 50957 | Depths:2 | Reached skill level 19 in Axes
 51201 | Depths:2 | You pick up a book of Touch and begin reading...
 51201 | Depths:2 | You add the spells Kiss of Death and Confusing Touch to
                  | your library.
 51204 | Depths:2 | Identified the +7 glaive of Gallantry {freeze, *Noise Fly
                  | rPois Str+4}
 51242 | Depths:2 | Identified the staff "Soimigg" {rElec rC+ Will- MP+9 Int+4
                  | Ice}
 51251 | Depths:2 | Reached skill level 5 in Hexes
 51489 | Depths:2 | You pick up a book of Lightning and begin reading...
 51489 | Depths:2 | You add the spells Vhi's Electric Charge, Arcjolt and
                  | Plasma Beam to your library.
 51493 | Depths:2 | Identified the +2 rapier of Anguish {drain, SInv Stlth+}
 51564 | Depths:2 | Identified the ring "Loqug" {rN+ MP+9 Dex-5 SInv}
 51843 | Depths:3 | Reached skill level 20 in Axes
 52045 | Depths:3 | You add the spells Olgreb's Toxic Radiance, Ignition and
                  | Discord to your library.
 52094 | Depths:3 | Found a one-way gateway to a ziggurat.
 52132 | Depths:3 | Noticed a golden dragon
 52149 | Depths:3 | Killed a golden dragon
 52544 | Depths:3 | You are sucked into a shaft and drop 1 floor!
 52544 | Depths:4 | Entered Level 4 of the Depths
 52572 | Depths:4 | You pick up a book of Death and begin reading...
 52668 | Depths:4 | Reached skill level 17 in Armour
 52960 | Depths:4 | You pick up a book of Sloth and begin reading...
 53039 | Depths:4 | You pick up a book of Dangerous Friends and begin
                  | reading...
 53039 | Depths:4 | You add the spells Orb of Destruction and Spellforged
                  | Servitor to your library.
 53066 | Depths:4 | Noticed a golden dragon
 53082 | Depths:4 | Killed a golden dragon
 53796 | Depths:4 | You pick up a book of Storms and begin reading...
 53833 | Depths:4 | Reached skill level 18 in Armour
 54110 | Depths:4 | Noticed Frederick
 54156 | Depths:4 | Killed Frederick
 54482 | Depths:4 | Identified +8 gold dragon scales
 54482 | Depths:4 | Noticed Parghit
 54525 | Depths:4 | Your ally Frederick died
 54653 | Depths:3 | Reached skill level 16 in Fighting
 54743 | Depths:4 | Killed Parghit
 54745 | Depths:4 | 6 large rocks {=fthrowing}; +8 gold dragon scales {rare}
 54800 | Depths:4 | You pick up a book of Decay and begin reading...
 54829 | Depths:4 | Reached skill level 19 in Armour
 55042 | Depths:4 | Found a gate to the Realm of Zot.
 55125 | Depths:4 | 6 large rocks {=fthrowing}; +8 gold dragon scales {rare}
 55507 | Vaults:4 | magus.rc [v1.9.6]
 55516 | Vaults:5 | Entered Level 5 of the Vaults
 55533 | Vaults:5 | Reached XP level 23. HP: 159/185 MP: 21/30
 55543 | Vaults:5 | Reached skill level 20 in Armour
 55585 | Vaults:5 | Reached skill level 21 in Armour
 55613 | Vaults:5 | Reached skill level 17 in Fighting
 56017 | Vaults:5 | Reached skill level 22 in Armour
 56255 | Vaults:5 | +0 storm dragon scales {rare}; a +0 troll leather armour; a
                  | storm dragon skeleton
 56280 | Vaults:5 | Identified the +0 robe of Squeaky Fun {Harm Stlth+}
 56297 | Vaults:5 | Got a silver rune of Zot
 56312 | Vaults:5 | You pick up a book of Flames and begin reading...
 56312 | Vaults:5 | You add the spells Sticky Flame and Flame Wave to your
                  | library.
 56395 | Vaults:5 | Found the +2 Maxwell's thermic engine {flame, freeze, rev}
 56421 | Vaults:5 | You pick up a book of Unlife and begin reading...
 56520 | Vaults:5 | You pick up a book of the Hunter and begin reading...
 56547 | Vaults:5 | Identified the +1 arbalest of Immorality {antimagic, rC+
                  | Will+}
 56551 | Vaults:5 | You pick up a book of Weapons and begin reading...
 56572 | Vaults:5 | You pick up a book of Vapours and begin reading...
 56572 | Vaults:5 | You add the spells Poisonous Vapours and Mephitic Cloud to
                  | your library.
 56575 | Vaults:5 | You pick up a book of Blasting and begin reading...
 56621 | Vaults:5 | Noticed an ancient lich
 56641 | Vaults:5 | Killed an ancient lich
 57367 | Zot:1    | Entered Level 1 of the Realm of Zot
 57659 | Elf:1    | Bought a potion of haste for 150 gold pieces
 57659 | Elf:1    | Bought a potion of haste for 150 gold pieces
 57659 | Elf:1    | Bought a potion of cancellation for 120 gold pieces
 57659 | Elf:1    | Bought a potion of ambrosia for 120 gold pieces
 57659 | Elf:1    | Bought a potion of curing for 45 gold pieces
 57965 | Zot:1    | Reached skill level 18 in Fighting
 58078 | Zot:3    | +0 storm dragon scales {rare}; a storm dragon corpse
 58082 | Zot:3    | Noticed an electric golem
 58106 | Zot:3    | Killed an electric golem
 58338 | Zot:5    | Entered Level 5 of the Realm of Zot
 58610 | Zot:5    | You pick up a book of Armaments and begin reading...
 58710 | Zot:5    | Reached skill level 7 in Dodging
 58730 | Zot:5    | Got a prismatic gem
 58912 | Zot:5    | Noticed a Killer Klown
 58913 | Zot:5    | Noticed an orb of fire
 58913 | Zot:5    | Noticed a Killer Klown
 58913 | Zot:5    | Noticed a Killer Klown
 58913 | Zot:5    | Noticed an electric golem
 58913 | Zot:5    | Noticed a dread lich
 58923 | Zot:5    | Got the Orb of Zot
 58924 | Zot:5    | Noticed a Killer Klown
 58924 | Zot:5    | Noticed an electric golem
 58925 | Zot:5    | Noticed an orb of fire
 58925 | Zot:5    | Noticed a Killer Klown
 58925 | Zot:5    | Noticed an orb of fire
 58929 | Zot:5    | Noticed a dread lich
 58966 | Zot:5    | Reached XP level 24. HP: 199/199 MP: 30/30
 59285 | D:12     | Noticed Caodiume the pandemonium lord
 59285 | D:12     | Noticed an ancient lich
 59520 | D:$      | Escaped with the Orb!

Vanquished Creatures
  2 ancient liches
  Sojobo (Vaults:3)
  Saint Roka (Elf:2)
  Parghit (Depths:4)
  Margery (Vaults:3)
  2 golden dragons
  the Enchantress (Depths:1)
  A bone dragon (Depths:4)
  5 tentacled monstrosities
  Zenata (Elf:3)
  A lich (Depths:2)
  Asterion (Vaults:1)
  2 hellephants
  Jorgrun (Orc:1)
  5 titans
  6 Orb Guardians (Zot:5)
  A deep elf blademaster (Elf:3)
  A deep elf master archer (Elf:3)
  2 walking frostbound tomes (Depths:3)
  3 quicksilver dragons
  6 sphinxes
  2 Executioners
  A thorn hunter (Swamp:4)
  5 shadow dragons
  10 tengu reavers
  7 storm dragons
  9 frost giants
  Donald (Swamp:1)
  2 nagarajas
  4 fire giants (Depths:2)
  9 deep elf sorcerers
  A draconian knight (Zot:3)
  An iron dragon (Vaults:5)
  5 deep elf elementalists (Elf:3)
  12 vault wardens
  2 draconian annihilators
  A war gargoyle (Vaults:3)
  11 ironbound preservers
  3 spriggan defenders
  2 ghouls (Swamp:1)
  12 stone giants
  6 ironbound thunderhulks
  3 orc warlords
  13 very ugly things
  3 vampire knights
  A green draconian (Depths:4)
  2 purple draconians (Zot:3)
  3 deep elf demonologists
  3 deep elf death magi
  7 eleionomae
  11 deep elf annihilators
  3 spark wasps
  A bunyip (shapeshifter) (Vaults:4)
  2 bunyips (Swamp:2)
  6 dire elephants
  3 yellow draconians
  4 crystal guardians (Depths:3)
  5 ettins (Vaults:5)
  3 deep elf high priests
  A shambling mangrove (Swamp:4)
  Fannar (Lair:3)
  5 fire dragons
  4 great orbs of eyes
  An entropy weaver (Vaults:3)
  14 hydras
  8 yaktaur captains
  4 salamander tyrants
  6 ice dragons
  A rakshasa (Depths:4)
  2 demonspawn (Orc:2)
  13 anacondas
  2 spriggan air magi
  35 vault guards
  6 alligators
  2 ironbound frosthearts
  3 centaur warriors
  A catoblepas (Lair:5)
  An ogre mage (Vaults:5)
  8 deep troll shamans
  26 dancing weapons
  5 hell hogs (Depths:2)
  3 boulder beetles
  4 two-headed ogres
  4 occultists
  Erica (D:9)
  10 death yaks
  8 naga warriors
  7 tengu warriors
  A sphinx skeleton (Vaults:2)
  3 deep troll earth magi
  5 spriggan berserkers
  8 naga sharpshooters
  3 shock serpents
  28 deep elf knights
  6 orc high priests (Orc:2)
  Urug (D:11)
  10 hell knights
  3 skysharks
  2 sixfirhies
  4 salamander mystics
  2 goliath frogs
  4 iron trolls
  5 spriggan druids
  28 deep trolls
  7 bog bodies
  2 glowing orange brains
  2 flayed ghosts (Depths:2)
  7 swamp dragons (Swamp:4)
  5 arcanists
  17 deep elf archers
  4 naga ritualists
  11 lindwurms
  3 phantasmal warriors (Vaults:5)
  2 necromancers
  9 mana vipers
  11 ironbound convokers
  9 orc sorcerers
  29 deep elf pyromancers
  36 deep elf zephyrmancers
  3 manticores
  34 ugly things
  A human zombie (Vaults:2)
  8 orc knights
  A will-o-the-wisp (Swamp:1)
  16 salamanders
  A guardian serpent (Snake:4)
  Joseph (D:7)
  A fire giant skeleton (Vaults:2)
  5 cyclopes
  6 moths of wrath
  18 vault sentinels
  8 elf zombies
  2 elephants (Lair:4)
  23 black mambas
  4 orange demons
  10 naga magi
  4 gargoyles
  6 cane toads
  A smoke demon (D:11)
  2 kobold demonologists (D:8)
  2 rime drakes
  2 efreet
  An unseen horror (D:11)
  A freezing wraith (D:15)
  5 komodo dragons
  A tengu conjurer (Depths:2)
  An ice devil (D:11)
  31 yaktaurs
  10 trolls
  A hellwing (D:11)
  2 polar bears (shapeshifter)
  A queen bee (D:12)
  18 hornets
  6 tyrant leeches
  3 meliai (D:15)
  20 blink frogs
  A glass eye (Depths:2)
  26 slime creatures
  A vampire (D:11)
  A ynoxinul (D:11)
  15 spriggans
  2 air elementals
  3 wraiths
  3 shadows
  6 water elementals
  3 wyverns
  A spriggan zombie (Swamp:2)
  2 ettin skeletons (Depths:1)
  9 wargs
  A fire elemental (Elf:1)
  47 yaks
  A steam dragon (D:8)
  2 basilisks
  3 chaos spawn
  6 redbacks
  An elf simulacrum (Vaults:2)
  A yaktaur simulacrum (Vaults:2)
  31 nagas
  9 swamp worms
  10 water moccasins
  37 orc warriors
  5 swamp drakes
  A sky beast (D:7)
  An ice beast (D:6)
  A hornet zombie (Swamp:2)
  2 black bears
  9 ogres
  A tengu (shapeshifter) (D:13)
  4 boggarts (Vaults:3)
  17 wolves
  A crocodile (Sewer)
  10 centaurs
  5 kobold brigands
  13 bullfrogs
  A gnoll sergeant (D:10)
  3 necrophages (Swamp:1)
  A brain worm (shapeshifter) (D:15)
  2 scorpions
  2 warg zombies (Orc:1)
  6 earth elementals
  A glowing shapeshifter simulacrum (Depths:1)
  3 wights (D:6)
  9 killer bees
  3 howler monkeys (D:8)
  6 electric eels
  A quasit (D:11)
  5 hounds
  A hound (shapeshifter) (D:13)
  3 jellies
  25 orc priests
  A sleepcap (D:8)
  4 iguanas (D:5)
  25 orc wizards
  8 adders
  10 gnolls
  3 shadow imps
  A white imp (D:8)
  2 ufetubi (D:5)
  3 worms
  2 dart slugs
  70 orcs
  2 ball pythons
  7 bats
  11 endoplasms
  10 giant cockroaches
  9 hobgoblins
  3 jackals (Sewer)
  3 quokkas
  A frilled lizard (D:1)
  15 goblins
  20 kobolds
  6 orc zombies
  5 rats
  A spectral weapon (Vaults:1)
1523 creatures vanquished.

Vanquished Creatures (collateral kills)
  Frederick (Depths:4)
  Vashnia (Snake:4)
  A golden dragon (Depths:3)
  An electric golem (Zot:3)
  2 tentacled monstrosities
  A titan (Vaults:5)
  A deep elf master archer (Elf:3)
  3 sphinxes
  A death cob (Zot:3)
  2 shadow dragons (Vaults:5)
  A tengu reaver (Vaults:3)
  A fire giant (Depths:2)
  7 nagarajas (Snake:4)
  2 vault wardens
  2 storm dragons
  4 frost giants
  Louise (Elf:3)
  A draconian scorcher (Depths:4)
  A spriggan defender (Depths:1)
  A draconian annihilator (Depths:4)
  A formless jellyfish (Vaults:3)
  4 stone giants
  3 very ugly things
  4 ironbound preservers
  A war gargoyle (Vaults:5)
  2 ironbound thunderhulks (Vaults:3)
  2 eleionomae (Swamp:3)
  A green draconian (Zot:5)
  A deep elf death mage (Vaults:3)
  A purple draconian (Depths:4)
  2 black draconians
  2 dire elephants (Vaults:3)
  2 red draconians (Zot:3)
  A yellow draconian (Depths:4)
  5 yaktaur captains
  An ettin (Vaults:5)
  A deep elf high priest (Vaults:5)
  6 hydras (Swamp:4)
  2 shambling mangroves
  2 salamander tyrants
  2 rakshasas
  4 vault guards
  2 great orbs of eyes (Vaults:3)
  An entropy weaver (Vaults:4)
  2 spriggan air magi
  A peacekeeper (Vaults:3)
  2 ironbound frosthearts
  A ghost crab (Swamp:2)
  An ogre mage (Vaults:5)
  2 anacondas
  2 catoblepae (Lair:5)
  4 alligators
  7 death yaks
  8 naga warriors
  A two-headed ogre (D:10)
  A shock serpent (Snake:4)
  A naga sharpshooter (Snake:4)
  An occultist (Depths:1)
  A deep elf knight (Elf:2)
  A salamander mystic (Snake:4)
  A spriggan rider (Swamp:2)
  4 swamp dragons
  2 arcanists (Vaults:2)
  9 deep trolls
  3 naga ritualists
  A bog body (Swamp:4)
  2 deep elf archers (Elf:3)
  2 ironbound convokers
  3 ugly things (Depths:2)
  2 mana vipers
  A deep elf pyromancer (Elf:2)
  3 necromancers
  A moth of wrath (Zot:3)
  5 salamanders
  4 elephants
  5 black mambas
  A naga mage (Snake:1)
  9 vault sentinels
  2 guardian serpents
  A torpor snail (shapeshifter) (Vaults:5)
  6 cane toads
  A rime drake (Lair:2)
  8 yaktaurs
  3 komodo dragons
  A tengu conjurer (Depths:2)
  A meliai (shapeshifter) (Depths:2)
  A troll (D:9)
  5 hornets
  5 tyrant leeches
  16 blink frogs
  A glass eye (Depths:3)
  A water elemental (Elf:1)
  2 slime creatures
  5 spriggans
  A wyvern (Lair:2)
  14 yaks
  3 basilisks
  A neqoxec (D:11)
  A warg (Orc:1)
  4 redbacks (Vaults:5)
  12 nagas
  3 swamp worms
  2 water moccasins (Lair:1)
  A swamp worm (shapeshifter) (Depths:2)
  An orc warrior (Orc:2)
  3 swamp drakes (Swamp:4)
  A black bear (Lair:1)
  A centaur (D:12)
  A boggart (Vaults:3)
  4 wolves
  A scorpion (Lair:1)
  2 bullfrogs
  An earth elemental (Elf:2)
  3 killer bees
  A howler monkey (D:9)
  2 orc priests (Orc:1)
  An orc wizard (D:9)
  6 orcs
  2 spectral weapons
313 creatures vanquished.

Vanquished Creatures (others)
  A lich (Vaults:5)
  A shadow dragon (Zot:3)
  2 frost giants
  A fire giant (Depths:4)
  A vault warden (Vaults:5)
  4 ironbound preservers
  2 stone giants (Depths:4)
  A vampire knight (Depths:2)
  A black draconian (Zot:3)
  A dire elephant (Vaults:2)
  A bunyip (Swamp:4)
  2 ettins
  3 very ugly thing zombies (Depths:4)
  2 quicksilver dragon zombies
  2 fire dragons
  A demigod zombie (Depths:4)
  An ice dragon (Depths:2)
  A great orb of eyes (Vaults:3)
  4 Orb Guardian zombies (Zot:5)
  3 two-headed ogres (Vaults:5)
  A sphinx zombie (Depths:3)
  2 tengu warriors
  A spriggan berserker (Depths:2)
  7 deep elf knights
  5 storm dragon zombies
  A golden dragon zombie (Depths:3)
  A goliath frog (Swamp:4)
  2 anaconda zombies
  A deep elf archer (Elf:3)
  A spriggan rider (Swamp:4)
  A swamp dragon (Swamp:2)
  5 ironbound convokers
  A lindwurm (Vaults:3)
  2 necromancers
  2 deep elf pyromancers
  5 deep elf zephyrmancers
  A goliath frog zombie (Swamp:4)
  3 shadow dragon zombies
  A harpy (Vaults:3)
  An iron dragon zombie (Vaults:5)
  3 alligator zombies
  8 tengu zombies
  4 stone giant zombies
  2 ugly thing zombies
  6 frost giant zombies
  A fire giant zombie (Depths:2)
  A naga mage (Snake:2)
  A dire elephant zombie (Vaults:3)
  A formless jellyfish zombie (Vaults:3)
  2 vault sentinels
  A shock serpent zombie (Snake:4)
  A black draconian zombie (Zot:3)
  A catoblepas zombie (Lair:5)
  2 death yak zombies (Lair:5)
  4 redback zombies (Vaults:5)
  A green draconian zombie (Zot:5)
  3 swamp worm zombies
  A tengu conjurer (Depths:4)
  3 yaktaurs
  A great orb of eyes zombie (Vaults:3)
  A hydra zombie (Lair:5)
  2 mana viper zombies
  4 bloated husks
  A moth of wrath zombie (Zot:3)
  2 tyrant leeches
  A hornet (Lair:2)
  4 ettin zombies (Vaults:5)
  A fire dragon zombie (Depths:4)
  2 guardian serpent zombies (Snake:4)
  7 black mamba zombies
  2 ice dragon zombies (Depths:2)
  A slime creature (Vaults:5)
  4 slime creature zombies
  21 elf zombies
  A tyrant leech zombie (Swamp:2)
  A yak (Lair:2)
  A steam dragon (D:9)
  A deep troll zombie (Vaults:4)
  A naga (Snake:4)
  4 two-headed ogre zombies
  A cane toad zombie (Lair:3)
  3 orc warriors
  A lindwurm zombie (Vaults:3)
  24 orc zombies
  A ghost crab zombie (Swamp:2)
  2 hornet zombies (Swamp:4)
  12 blink frog zombies
  An ogre (Vaults:5)
  A torpor snail zombie (Vaults:5)
  A kobold brigand (D:11)
  44 human zombies
  3 yaktaur zombies
  5 salamander zombies
  A wyvern zombie (Lair:2)
  3 warg zombies (Orc:1)
  10 yak zombies
  6 spriggan zombies
  A troll zombie (Orc:1)
  7 wolf zombies
  A bullfrog zombie (Lair:3)
  2 centaur zombies (D:12)
  2 orc wizards
  21 naga zombies
  A brain worm zombie (D:15)
  3 ogre zombies
  2 orcs
  A quokka (D:11)
  2 foxfires (Swamp:1)
350 creatures vanquished.

Grand Total: 2186 creatures vanquished

Table legend:
 A = Non-vault XP
 B = Vault XP
 C = Vault XP percentage of total XP
 D = Non-vault monster count
 E = Vault monster count
 F = Vault count percentage of total count
                 A         B        C        D         E       F
            +---------+---------+-------+---------+---------+-------
      Total |  467481 |  521371 |  52.7 |    1092 |     731 |  40.1
            +---------+---------+-------+---------+---------+-------
        D:1 |      52 |      10 |  16.1 |      28 |       5 |  15.2
        D:2 |      51 |       0 |   0.0 |      13 |       0 |   0.0
        D:3 |     154 |       0 |   0.0 |      21 |       0 |   0.0
        D:4 |     346 |     132 |  27.6 |      17 |       4 |  19.0
        D:5 |     644 |      58 |   8.3 |      25 |       3 |  10.7
        D:6 |     654 |       3 |   0.5 |      18 |       2 |  10.0
        D:7 |     662 |     672 |  50.4 |      21 |       3 |  12.5
        D:8 |    2630 |       0 |   0.0 |      27 |       0 |   0.0
        D:9 |    2724 |     943 |  25.7 |      26 |       2 |   7.1
       D:10 |    2834 |     737 |  20.6 |      16 |       4 |  20.0
       D:11 |    3619 |    3510 |  49.2 |      11 |      11 |  50.0
       D:12 |    3981 |     854 |  17.7 |      15 |      10 |  40.0
       D:13 |    4248 |    6316 |  59.8 |      17 |      15 |  46.9
       D:14 |    2624 |       0 |   0.0 |       7 |       0 |   0.0
       D:15 |    7790 |    2716 |  25.9 |      17 |       3 |  15.0
     Lair:1 |    5118 |    3850 |  42.9 |      22 |      13 |  37.1
     Lair:2 |    5785 |    1759 |  23.3 |      30 |       3 |   9.1
     Lair:3 |    9623 |    6245 |  39.4 |      42 |      17 |  28.8
     Lair:4 |   14409 |       0 |   0.0 |      33 |       0 |   0.0
     Lair:5 |   11293 |   10936 |  49.2 |      29 |      23 |  44.2
    Swamp:1 |   10553 |    1334 |  11.2 |      24 |       1 |   4.0
    Swamp:2 |   12558 |       0 |   0.0 |      23 |       0 |   0.0
    Swamp:3 |    7593 |    6810 |  47.3 |      17 |      11 |  39.3
    Swamp:4 |   15652 |   18821 |  54.6 |      33 |      27 |  45.0
    Snake:1 |   14793 |       0 |   0.0 |      34 |       0 |   0.0
    Snake:2 |   28372 |       0 |   0.0 |      54 |       0 |   0.0
    Snake:3 |   16438 |     825 |   4.8 |      32 |       1 |   3.0
    Snake:4 |   12123 |   30624 |  71.6 |      21 |      39 |  65.0
      Orc:1 |    2497 |   10414 |  80.7 |      27 |      49 |  64.5
      Orc:2 |    1428 |   16068 |  91.8 |      18 |      67 |  78.8
      Elf:1 |   23951 |    8001 |  25.0 |      36 |      14 |  28.0
      Elf:2 |   28604 |   25243 |  46.9 |      43 |      32 |  42.7
      Elf:3 |   23628 |   35548 |  60.1 |      36 |      41 |  53.2
   Vaults:1 |   18860 |   14121 |  42.8 |      28 |      18 |  39.1
   Vaults:2 |   25914 |   20932 |  44.7 |      47 |      31 |  39.7
   Vaults:3 |   19431 |   45184 |  69.9 |      30 |      45 |  60.0
   Vaults:4 |   19727 |   20955 |  51.5 |      26 |      27 |  50.9
   Vaults:5 |   24540 |   94724 |  79.4 |      37 |      86 |  69.9
   Depths:1 |   12835 |    9334 |  42.1 |      19 |       9 |  32.1
   Depths:2 |   12386 |   53266 |  81.1 |      15 |      55 |  78.6
   Depths:3 |   11816 |   28064 |  70.4 |      16 |      25 |  61.0
   Depths:4 |   18723 |   31827 |  63.0 |      19 |      24 |  55.8
      Zot:1 |    1011 |       0 |   0.0 |       1 |       0 |   0.0
      Zot:2 |    1365 |       0 |   0.0 |       1 |       0 |   0.0
      Zot:3 |   14482 |       0 |   0.0 |      12 |       0 |   0.0
      Zot:5 |    8960 |   10416 |  53.8 |       8 |       6 |  42.9
      Sewer |       0 |     119 | 100.0 |       0 |       5 | 100.0
            +---------+---------+-------+---------+---------+-------

Skill      XL: |  1  2  3  4  5  6  7  8  9 10 11 12 13 14 15 16 17 18 19 20 21 22 23 |
---------------+----------------------------------------------------------------------+-----
Stealth        | 3 5 |  5.0
Ice Magic      | 4 5 7 |  7.0
Evocations     | 3 5 |  5.0
Fighting       | 1 3 4 6 9 10 11 13 14 15 16 18 | 18.5
Shields        | 2 4 5 7 13 15 | 15.0
Armour         | 3 4 5 8 10 12 14 15 16 19 22 | 22.2
Necromancy     | 7 8 9 10 12 14 | 14.0
Dodging        | 3 6 7 |  7.3
Spellcasting   | 4 5 |  5.0
Short Blades   | 4 5 10 12 | 12.0
Earth Magic    | 2 4 |  4.6
Axes           | 8 13 16 18 20 | 20.5
Transmutations | 4 |  4.0
Hexes          | 3 5 |  5.0

Action                     |  1- 3 |  4- 6 |  7- 9 | 10-12 | 13-15 | 16-18 | 19-21 | 22-24 || total
---------------------------+-------+-------+-------+-------+-------+-------+-------+-------++-------
  Melee: Dagger            |    66 |    56 |   148 |   451 |   175 |       |       |       ||   896
         Unarmed           |     3 |       |       |       |       |       |       |       ||     3
         Tailslap          |     8 |     7 |    16 |    90 |   402 |   625 |   566 |   213 ||  1927
         Punch             |     2 |       |     1 |       |       |       |       |       ||     3
         Quick blade       |       |       |       |       |  1558 |  2568 |  1580 |       ||  5706
         Broad axe         |       |       |       |       |       |       |   758 |   831 ||  1589
  Throw: Dart              |       |    18 |    11 |    11 |       |       |       |       ||    40
   Cast: Freeze            |    50 |    34 |    27 |     2 |       |       |       |       ||   113
         Frozen Ramparts   |       |     5 |    30 |    56 |    24 |     3 |       |       ||   118
         Animate Dead      |       |       |       |    14 |    14 |    17 |    13 |    11 ||    69
         Borgnjor's Vile C |       |       |       |       |     2 |     6 |    30 |    16 ||    54
         Ozocubu's Armour  |       |       |       |       |       |     3 |       |       ||     3
         Death Channel     |       |       |       |       |       |    23 |    20 |    13 ||    56
         Wereblood         |       |       |       |       |       |       |     7 |     6 ||    13
         Anguish           |       |       |       |       |       |       |     1 |     3 ||     4
 Invoke: Unearth Wretches  |       |       |       |       |     1 |     6 |    11 |     5 ||    23
         Brand Weapon With |       |       |       |       |       |       |     1 |       ||     1
  Evoke: Wand              |       |     1 |    23 |    18 |     9 |       |       |     2 ||    53
         Condenser vane    |       |       |       |       |     1 |     3 |     5 |       ||     9
         Sack of spiders   |       |       |       |       |     1 |     1 |     1 |     1 ||     4
         Phial of floods   |       |       |       |       |       |       |     1 |       ||     1
    Use: Scroll            |     1 |     5 |     3 |    10 |    18 |     8 |     5 |    16 ||    66
         Potion            |       |       |       |     1 |     2 |     4 |     6 |    12 ||    25
   Stab: Sleeping          |     9 |     2 |     7 |     6 |     5 |     6 |       |     1 ||    36
         Invisible         |       |       |       |     2 |     7 |       |       |     2 ||    11
         Distracted        |       |       |       |     5 |     4 |    18 |     9 |    16 ||    52
         Petrified         |       |       |       |       |     2 |       |       |       ||     2
         Paralysed         |       |       |       |       |     1 |     3 |     4 |     4 ||    12
         Confused          |       |       |       |       |       |     1 |       |       ||     1
 Armour: Robe              |    62 |    33 |    92 |   340 |    50 |       |       |       ||   577
         Pearl dragon scal |       |       |       |       |   649 |   666 |   661 |   481 ||  2457
  Dodge: Dodged            |    48 |    38 |    84 |   288 |   346 |   395 |   451 |   332 ||  1982
  Block: Buckler           |       |       |    14 |    96 |   268 |   234 |       |       ||   612
         Reflection        |       |       |       |       |     7 |    33 |   115 |    15 ||   170
         Kite shield       |       |       |       |       |       |   605 |  1061 |   715 ||  2381

Illustrated notes

Table legend:
 A = Kills in this place as a percentage of kills in the entire game.
 B = Kills by you in this place as a percentage of kills by you in the entire game.
 C = Kills by friends in this place as a percentage of kills by friends in the entire game.
 D = Other kills in this place as a percentage of other kills in the entire game.
 E = Experience gained in this place as a percentage of experience gained in the entire game.
 F = Experience gained in this place divided by the number of levels of this place that you have seen.
                   A       B       C       D       E      F
               +-------+-------+-------+-------+-------+----------------------
         Total | 100.0 | 100.0 | 100.0 | 100.0 | 100.0 | 19852.8
       Dungeon |  18.8 |  21.8 |   4.5 |  17.2 |   5.2 | 3416.0
          Lair |  11.6 |   9.5 |  22.3 |   3.4 |   7.0 | 13803.6
         Swamp |   7.4 |   6.1 |  13.5 |  10.3 |   7.4 | 18330.2
     Snake Pit |   9.9 |   8.7 |  15.8 |   6.9 |  10.4 | 25793.8
  Orcish Mines |   8.8 |  10.3 |   2.6 |   0.0 |   3.1 | 15203.5
   Elven Halls |  11.1 |  12.6 |   2.6 |  20.7 |  14.6 | 48325.0
        Vaults |  20.5 |  19.0 |  27.1 |  31.0 |  30.7 | 60877.6
        Depths |  10.0 |  10.2 |   9.0 |  10.3 |  18.1 | 44940.2
           Zot |   1.5 |   1.3 |   2.6 |   0.0 |   3.7 | 7246.8
         Sewer |   0.3 |   0.3 |   0.0 |   0.0 |   0.0 | 119.0
               +-------+-------+-------+-------+-------+----------------------

Table legend: (Time is in decaauts)
 A = Elapsed time spent in this place.
 B = Non-inter-level travel time spent in this place.
 C = Inter-level travel time spent in this place.
 D = Time resting spent in this place.
 E = Time spent auto-exploring this place.
 F = Levels seen in this place.
 G = Mean time per level.
                   A        B        C        D        E       F      G
               +--------+--------+--------+--------+--------+-----+--------+
         Total |  58154 |  52344 |   5810 |   8322 |  32627 |  50 | 1163.1 |
       Dungeon |  15574 |  13196 |   2378 |   1094 |   9183 |  15 | 1038.3 |
        Temple |     26 |      1 |     25 |      0 |      0 |   1 |   26.0 |
          Lair |   9320 |   8171 |   1149 |   1720 |   4803 |   5 | 1864.0 |
         Swamp |   3066 |   2890 |    176 |    125 |   2229 |   4 |  766.5 |
     Snake Pit |   4774 |   4399 |    375 |    739 |   2636 |   4 | 1193.5 |
  Orcish Mines |   2205 |   2054 |    151 |    225 |   1229 |   2 | 1102.5 |
   Elven Halls |   5311 |   5098 |    213 |   1368 |   2537 |   3 | 1770.3 |
        Vaults |   9367 |   8986 |    381 |   1406 |   5650 |   5 | 1873.4 |
        Depths |   7062 |   6175 |    887 |   1205 |   3939 |   4 | 1765.5 |
           Zot |   1091 |   1019 |     72 |    438 |    162 |   5 |  218.2 |
        Bazaar |    135 |    135 |      0 |      0 |    117 |   1 |  135.0 |
         Sewer |    217 |    217 |      0 |      0 |    142 |   1 |  217.0 |
               +--------+--------+--------+--------+--------+-----+--------+

Top non-repeatable levels by time:
  Lair:1: 2693 daAuts
  Lair:3: 2542 daAuts
Vaults:3: 2495 daAuts
   Elf:2: 2395 daAuts
Depths:4: 2321 daAuts
Vaults:1: 1914 daAuts
Depths:2: 1842 daAuts
Vaults:4: 1748 daAuts
Vaults:2: 1726 daAuts
   Elf:1: 1696 daAuts
  Lair:2: 1673 daAuts
Depths:3: 1657 daAuts
 Snake:2: 1489 daAuts
Vaults:5: 1482 daAuts
    D:10: 1426 daAuts
